 Dungeon Crawl Stone Soup version 0.28-a0-726-g4a9143789a (webtiles) character file.

Game seed: 8017276393411848189

380608 spiderkeys the Sniper (level 23, -1/149 HPs)
             Began as a Kobold Abyssal Knight on Oct 28, 2021.
             Was the Champion of Lugonu.
             Slain by a sphinx (5 damage)
             ... while petrified by a living spell
             ... on level 1 of the Depths.
             The game lasted 02:01:49 (54584 turns).

spiderkeys the Sniper (Kobold Abyssal Knight)      Turns: 54584, Time: 02:01:50

Health: -1/149     AC: 22    Str: 13    XL:     23   Next: 95%
Magic:  35/35      EV:  3    Int: 11    God:    Lugonu [******]
Gold:   4744       SH:  0    Dex: 28    Spells: 15/38 levels left

rFire   . . .      SeeInvis .   B - +9 quick blade (distort) {rare}
rCold   . . .      Faith    .   M - +0 buckler {AC+3}
rNeg    + + +      Spirit   .   f - +2 troll leather armour rPois โˆž Reflect +
                                D - +2 hat {Stlth+}
rElec   +          Harm     .   s - +2 cloak {rPois}
rCorr   .          Rampage  .   I - +2 pair of gloves {Dex+3}
Will    +....                   T - +2 pair of boots
Stlth   ++++++++..              e - amulet of reflection
HPRegen 1.34/turn               O - ring of Vehumet's Outrage {rElec Dex+2 Slay+4}
MPRegen 0.24/turn               E - ring of the Hare {EV+8}

@: petrified, studying 2 skills
A: small, no large weapons, nightstalker 3, iridescent scales 1, wild magic 1
}: 2/15 runes: decaying, gossamer
a: Renounce Religion, Depart the Abyss, Bend Space, Banish, Corrupt, Enter the
Abyss


You were on level 1 of the Depths.
You worshipped Lugonu.
Lugonu was exalted by your worship.
You visited 7 branches of the dungeon, and saw 37 of its levels.
You visited the Abyss 3 times.
You also visited: Sewer, Ossuary, Gauntlet and Ice Cave.

You collected 5967 gold pieces.
You spent 1223 gold pieces at shops.


Innate Abilities, Weirdness & Mutations

You are small and have problems with some larger weapons.
You are completely attuned to the shadows.
You are partially covered in iridescent scales. (AC +2)
Your spells are a little harder to cast, but a little more powerful.


   Skills:
 + Level 17.0 Fighting
 - Level 12.0 Short Blades
 + Level 22.9 Crossbows
 - Level 0.7 Armour
 - Level 17.9 Dodging
 - Level 14.1 Stealth
 - Level 4.0 Shields
 + Level 8.2 Spellcasting
 - Level 6.2 Conjurations
 + Level 14.7 Hexes
 + Level 13.1 Transmutations
 - Level 5.0 Ice Magic
 - Level 12.0 Invocations
 - Level 10.0 Evocations


You had 15 spell levels left.
You knew the following spells:

 Your Spells              Type           Power      Damage    Failure   Level
c - Confusing Touch       Hex            47%        N/A       1%          3
d - Tukima's Dance        Hex            47%        N/A       1%          3
e - Ensorcelled Hibernat  Hex/Ice        68%        N/A       1%          2
f - Dazzling Flash        Conj/Hex       70%        N/A       1%          3
r - Irradiate             Conj/Tmut      16%        3d19      17%         5
s - Slow                  Hex            47%        N/A       1%          2
X - Yara's Violent Unrav  Hex/Tmut       22%        3d10      3%          5

Your spell library contained the following spells:

 Spells                   Type           Power      Damage    Failure   Level
 Sting                    Tmut/Pois      96%        1d7       3%          1
 Passwall                 Tmut/Erth      20%        N/A       4%          2
 Freeze                   Ice            80%        1d9       5%          1
 Portal Projectile        Hex/Tloc       52%        N/A       5%          3
 Summon Guardian Golem    Hex/Summ       26%        N/A       5%          3
 Blade Hands              Tmut           21%        N/A       5%          5
 Spider Form              Tmut/Pois      12%        N/A       8%          3
 Ice Form                 Ice/Tmut       31%        N/A       9%          4
 Shock                    Conj/Air       56%        1d6       10%         1
 Frozen Ramparts          Ice            40%        1d6       13%         3
 Invisibility             Hex            23%        N/A       13%         6
 Static Discharge         Conj/Air       14%        N/A       14%         2
 Leda's Liquefaction      Hex/Erth       13%        N/A       16%         4
 Ignite Poison            Fire/Tmut/Pois 18%        N/A       17%         3
 Petrify                  Tmut/Erth      24%        N/A       22%         4
 Conjure Flame            Conj/Fire      14%        6-21      26%         3
 Stone Arrow              Conj/Erth      28%        3d8       26%         3
 Summon Small Mammal      Summ           20%        N/A       30%         1
 Hailstorm                Conj/Ice       21%        3d6       30%         4
 Mephitic Cloud           Conj/Pois/Air  11%        N/A       36%         3
 Silence                  Hex/Air        13%        N/A       38%         5
 Blink                    Tloc           10%        N/A       43%         2
 Call Imp                 Summ           5%         N/A       43%         2
 Corpse Rot               Necr/Air       10%        N/A       43%         2
 Poisonous Vapours        Pois/Air       10%        N/A       43%         2
 Sublimation of Blood     Necr           2%         N/A       43%         2
 Sticky Flame             Conj/Fire      14%        2d4       63%         4
 Call Canine Familiar     Summ           5%         N/A       65%         3
 Lesser Beckoning         Tloc           5%         N/A       65%         3
 Swiftness                Air            5%         N/A       65%         3
 Summon Ice Beast         Ice/Summ       13%        N/A       71%         4
 Dragon Form              Tmut           21%        N/A       73%         7
 Freezing Cloud           Conj/Ice/Air   8%         6-21      86%         5
 Fireball                 Conj/Fire      7%         3d5       91%         5
 Lightning Bolt           Conj/Air       7%         1d19      91%         5
 Airstrike                Air            2%         N/A       95%         4
 Animate Armour           Summ/Erth      10%        N/A       95%         4
 Dispel Undead            Necr           5%         3d7       95%         4
 Olgreb's Toxic Radiance  Pois           5%         N/A       95%         4
 Agony                    Necr           5%         N/A       100%        5
 Manifold Assault         Tloc           5%         N/A       100%        5
 Death Channel            Necr           2%         N/A       100%        6
 Iron Shot                Conj/Erth      7%         9d2       100%        6
 Simulacrum               Ice/Necr       6%         N/A       100%        6
 Starburst                Conj/Fire      7%         6d4       100%        6
 Haunt                    Necr/Summ      2%         N/A       100%        7
 Summon Hydra             Summ           2%         N/A       100%        7
 Borgnjor's Revivificati  Necr           2%         N/A       100%        8
 Ignition                 Fire           2%         3d3       100%        8
 Lehudib's Crystal Spear  Conj/Erth      7%         10d3      100%        8
 Maxwell's Capacitive Co  Air            2%         โˆž       100%        8
 Necromutation            Tmut/Necr      12%        N/A       100%        8
 Death's Door             Necr           2%         N/A       100%        9
 Polar Vortex             Ice            10%        N/A       100%        9

Inventory:

Hand Weapons
 b - a +2 hand crossbow of freezing
   (You acquired it on level 3 of the Dungeon)
 i - the +12 triple crossbow "Pasonuip" {penet, *Corrode rF+ Str+4 Int+3}
   (You acquired it on level 15 of the Dungeon)

   Any ammunition fired by it passes through the targets it hits, potentially
   hitting all targets in its path until it reaches maximum range.
   Str:       It affects your strength (+4).
   Int:       It affects your intelligence (+3).
   rF:        It protects you from fire.
   *Corrode:  It may corrode you when you take damage.
 B - a +9 quick blade of distortion (weapon) {rare}
   (You acquired it on level 5 of the Lair of Beasts)
Missiles
 u - 1681 bolts
 Q - 2 curare-tipped darts {=f}
Armour
 f - a +2 troll leather armour (worn)
   (You found it on level 10 of the Dungeon)
 s - a +2 cloak of poison resistance (worn)
   (You found it on level 14 of the Dungeon)
 D - a +2 hat of stealth (worn)
   (You found it in a Gauntlet)
 I - a +2 pair of gloves of dexterity (worn)
   (You found it in a Gauntlet)
 M - a +0 buckler of protection (worn)
   (You bought it in a shop on level 2 of the Orcish Mines)
 T - a +2 pair of boots (worn)
   (You found it on level 7 of the Dungeon)
Jewellery
 e - an amulet of reflection (around neck)
   (You found it on level 4 of the Swamp)
 l - an amulet of magic regeneration
   (You found it on level 2 of the Vaults)
 v - a ring of see invisible
   (You found it on level 8 of the Dungeon)
 E - the ring of the Hare (right hand) {EV+8}
   (You found it in a Gauntlet)

   [ring of evasion]

   EV:        It affects your evasion (+8).
 N - a ring of willpower
   (You found it on level 14 of the Dungeon)
 O - the ring of Vehumet's Outrage (left hand) {rElec Dex+2 Slay+4}
   (You acquired it on level 3 of the Spider Nest)

   [ring of slaying]

   Dex:       It affects your dexterity (+2).
   Slay:      It affects your accuracy & damage with ranged weapons and melee
   (+4).
   rElec:     It insulates you from electricity.
 R - a ring of resist corrosion
   (You found it on level 15 of the Dungeon)
Wands
 a - a wand of paralysis (7)
   (You found it on level 4 of the Swamp)
 y - a wand of mindburst (34)
   (You found it on level 9 of the Dungeon)
 C - a wand of acid (5)
   (You took it off Ijyb on level 4 of the Dungeon)
 L - a wand of flame (84)
   (You found it on level 5 of the Dungeon)
 U - a wand of iceblast (57)
   (You found it on level 8 of the Dungeon)
 V - a wand of charming (39)
   (You found it on level 5 of the Dungeon)
 Z - a wand of digging (4)
   (You found it in a Gauntlet)
Scrolls
 c - 3 scrolls of fog
 j - 2 scrolls of fear
 m - 4 scrolls of torment {!r}
 n - 6 scrolls of magic mapping {!r}
 G - 2 scrolls of vulnerability {!r!r}
 H - 3 scrolls of enchant weapon
 S - a scroll of blinking {!r}
 W - 7 scrolls of teleportation {@r4}
Potions
 d - 4 potions of invisibility
 h - 5 potions of cancellation
 k - 5 potions of heal wounds {@q2}
 o - 11 potions of haste {@q3}
 p - 7 potions of mutation {!q}
 q - 7 potions of lignification {!q}
 r - 5 potions of flight
 t - 16 potions of curing {@q1}
 x - 9 potions of brilliance
 z - 7 potions of resistance
 J - a potion of berserk rage {!q}
 K - 9 potions of ambrosia
 X - 4 potions of might
 Y - 5 potions of attraction {!q}
Miscellaneous
 g - a box of beasts (inert)
   (You found it on level 4 of the Spider Nest)
 w - a tin of tremorstones (1/2)
   (You found it on level 3 of the Vaults)
 F - a phantom mirror
   (You found it on level 4 of the Lair of Beasts)
 P - a condenser vane (inert)
   (You found it on level 2 of the Abyss)

Dungeon Overview and Level Annotations

Branches:
Dungeon (15/15)            Temple (0/1) D:7            Lair (6/6) D:11
  Swamp (4/4) Lair:3       Spider (4/4) Lair:4        Slime (0/5) Lair:5
    Orc (2/2) D:9             Elf (0/3) Orc:2        Vaults (5/5) D:14
  Crypt (0/3) Vaults:2     Depths (1/4) D:15          Sewer (visited)
Ossuary (visited)           IceCv (visited)         Gauntlet (visited)

Altars:
Ashenzari
Elyvilon
Fedhas
Gozag
Kikubaaqudgha
Makhleb
Nemelex Xobeh
Xom
Yredelemnul
Beogh

Shops:
D:9 :   D:15 (   Orc:1 (   Orc:2 (=[*   Vaults:1 ?   Vaults:2 =   Vaults:3 !
Vaults:4 !

Portals:
Hell: Depths:1
Ziggurat: Depths:1

Annotations:
D:9 1 runed translucent door
Lair:2 3 runed translucent doors, Roefeuw's ghost, journeyman OgHu
Lair:5 exclusion: oklob plant
Abyss:1 Louise; Snorg

#.........## ##
#.######.## # #.#
#.# # #.# #.# #.#
### #.######
#......# ....**.H.
#.H....# ....*;...
#.@...## ....{DD..
#*;...# ..C.CC...
#...*.##### #u##
#.........# #).#
#.........# #ยง.#
#.....^>..####C.###
#.............C....
#..........u.......
#...........)......


You could see a walking earthen tome and a sphinx.


Message History

You hit the walking earthen tome but do no damage.
The walking earthen tome blinks! ๐Ÿ˜• HP[+1]
You puncture the sphinx! The living spell casts itself at you.
You resist with significant effort.
You puncture the sphinx!
The sphinx blinks!
The living spell casts itself at you.
You are slowing down.
The sphinx mumbles some strange words.
You are confused. ๐Ÿ˜• HP[+1]
You hit the sphinx.
Your hearing returns.
The sphinx hits you but does no damage. x2; The sphinx barely misses you.
The living spell casts itself at you.
Your limbs have turned to stone.
The walking earthen tome erupts in a flurry of living spells!
The sphinx hits you but does no damage. The sphinx completely misses you.
The sphinx misses you.
You have turned to stone.
The walking earthen tome erupts in a flurry of living spells!
The sphinx hits you!
The sphinx hits you but does no damage. x2
The living spell casts itself at you. You resist with significant effort.
The living spell casts itself at you.
The walking earthen tome erupts in a flurry of living spells!
The sphinx barely misses you. The sphinx hits you.
The sphinx hits you but does no damage.
The sphinx hits you but does no damage. x3
The living spell casts itself at you. You resist with significant effort.
The living spell casts itself at you. You resist with significant effort.
You feel less confused. The sphinx hits you!
The sphinx hits you but does no damage. x2
The living spell casts itself at you. You resist with significant effort.
The sphinx mumbles some strange words.
You resist with some effort.
The walking earthen tome hits you but does no damage.
The living spell casts itself at you. The sphinx hits you! The sphinx hits you.
The sphinx hits you but does no damage.
The walking earthen tome hits you but does no damage.
The sphinx hits you but does no damage. x2; The sphinx hits you.
The walking earthen tome hits you. The sphinx hits you!
The sphinx hits you but does no damage. The sphinx hits you.
The walking earthen tome hits you but does no damage.
The sphinx hits you but does no damage. x3
The walking earthen tome hits you!!
The sphinx casts a spell.
You suddenly lose the ability to move!
The walking earthen tome erupts in a flurry of living spells!
The sphinx hits you but does no damage. x3
The walking earthen tome hits you!! The sphinx hits you!
* * * LOW HITPOINT WARNING * * *
The sphinx hits you but does no damage. x2
The living spell casts itself at you.
You are slowing down.
The walking earthen tome hits you.
* * * LOW HITPOINT WARNING * * *
The sphinx casts a spell.
Something smites you!
* * * LOW HITPOINT WARNING * * *
Your limbs are stiffening.
The living spell casts itself at you.
Your limbs have turned to stone.
The walking earthen tome erupts in a flurry of living spells!
The sphinx hits you but does no damage. x3
The living spell casts itself at you. You resist with significant effort.
You can move again.
You have turned to stone.
The walking earthen tome hits you!!
* * * LOW HITPOINT WARNING * * *
The sphinx hits you but does no damage. x2; The sphinx hits you.
* * * LOW HITPOINT WARNING * * *
The living spell casts itself at you. The sphinx hits you but does no damage.
The sphinx hits you. The sphinx hits you but does no damage.
The walking earthen tome hits you!
* * * LOW HITPOINT WARNING * * *
The living spell casts itself at you. The sphinx hits you!
* * * LOW HITPOINT WARNING * * *
The sphinx hits you but does no damage. x2; The walking earthen tome hits you!!
* * * LOW HITPOINT WARNING * * *
The living spell casts itself at you. You resist with significant effort.
The sphinx hits you but does no damage. The sphinx hits you.
* * * LOW HITPOINT WARNING * * *
The sphinx hits you but does no damage. The walking earthen tome hits you!!
* * * LOW HITPOINT WARNING * * *
The sphinx hits you but does no damage. x3
The walking earthen tome hits you!!
* * * LOW HITPOINT WARNING * * *
The sphinx hits you but does no damage. x2; The sphinx hits you!
* * * LOW HITPOINT WARNING * * *
The walking earthen tome erupts in a flurry of living spells!
The sphinx hits you!
You die...

Skill      XL: |  1  2  3  4  5  6  7  8  9 10 11 12 13 14 15 16 17 18 19 20 21 22 23 |
---------------+----------------------------------------------------------------------+-----
Short Blades   | 3 4 5 6 8 10 11 12 | 12.0
Stealth        | 1 2 3 4 5 6 8 9 11 12 13 14 | 14.1
Dodging        | 3 4 5 6 7 8 10 11 12 13 14 15 17 | 17.9
Fighting       | 4 5 6 7 8 9 10 11 12 13 14 15 17 | 17.0
Invocations    | 3 4 5 6 7 9 10 11 12 | 12.0
Crossbows      | 3 5 6 8 11 14 17 19 22 | 22.9
Spellcasting   | 2 4 5 6 8 |  8.2
Hexes          | 1 4 6 7 8 10 12 13 14 | 14.7
Evocations     | 2 5 8 10 | 10.0
Shields        | 1 4 |  4.0
Conjurations   | 3 6 |  6.2
Ice Magic      | 4 5 |  5.0
Transmutations | 5 7 9 11 12 13 | 13.1
Armour         | |  0.7

Action                   |  1- 3 |  4- 6 |  7- 9 | 10-12 | 13-15 | 16-18 | 19-21 | 22-24 || total
-------------------------+-------+-------+-------+-------+-------+-------+-------+-------++-------
Melee: Short sword       |    71 |   309 |   213 |   718 |  1336 |       |       |       ||  2647
       Unarmed           |       |     2 |       |       |       |       |       |       ||     2
       Quick blade       |       |       |       |       |   824 |  1398 |  2129 |  1226 ||  5577
 Fire: Hand crossbow     |       |    30 |    86 |   101 |     6 |       |       |       ||   223
Throw: Boomerang         |       |     2 |       |       |       |       |       |       ||     2
       Dart              |       |       |     7 |     1 |    11 |       |     1 |     3 ||    23
 Cast: Ensorcelled Hiber |       |       |       |       |     2 |       |       |     1 ||     3
       Dazzling Flash    |       |       |       |       |       |     6 |     3 |       ||     9
       Yara's Violent Un |       |       |       |       |       |       |       |     5 ||     5
       Tukima's Dance    |       |       |       |       |       |       |       |     1 ||     1
Invok: Depart the Abyss  |     1 |       |       |       |       |     1 |     1 |       ||     3
       Bend Space        |       |     6 |       |     2 |     6 |     1 |    10 |     2 ||    27
       Banish            |       |       |       |     8 |     6 |       |     1 |     1 ||    16
       Corrupt           |       |       |       |       |     1 |       |       |       ||     1
       Brand Weapon With |       |       |       |       |     1 |       |       |       ||     1
Evoke: Wand              |       |       |       |     4 |    24 |     8 |    17 |    10 ||    63
       Phantom mirror    |       |       |       |       |       |       |     3 |       ||     3
       Condenser vane    |       |       |       |       |       |       |     2 |     3 ||     5
       Box of beasts     |       |       |       |       |       |       |     1 |     1 ||     2
       Tin of tremorston |       |       |       |       |       |       |       |     2 ||     2
  Use: Scroll            |       |     8 |     3 |     6 |    18 |     8 |    13 |     8 ||    64
       Potion            |       |     2 |     3 |       |     6 |     2 |     5 |     8 ||    26
 Stab: Sleeping          |    14 |    19 |    11 |    35 |    54 |    63 |    87 |    52 ||   335
       Distracted        |       |     1 |     1 |     1 |     7 |    16 |    11 |     8 ||    45
       Invisible         |       |       |       |       |       |     7 |     1 |       ||     8
       Held in net/web   |       |       |       |       |       |       |     2 |       ||     2
Armor: Leather armour    |     4 |    47 |    42 |    74 |       |       |       |       ||   167
       Acid dragon scale |       |       |       |    29 |       |       |       |       ||    29
       Troll leather arm |       |       |       |    14 |   208 |    65 |   161 |   107 ||   555
Dodge: Dodged            |    56 |   445 |   286 |   884 |  2056 |   789 |  1313 |   555 ||  6384
Block: Buckler           |       |       |       |       |   530 |   309 |   449 |   294 ||  1582
       Reflection        |       |       |       |       |       |       |    19 |    25 ||    44

Levels and vault maps discovered:
D:1:      psy_arrival_basics, layout_loops_cross
D:2:      layout_basic, cheibrodos_gnoll_hut
D:3:      layout_basic, shapermc_ecumenical_altar_petra, gup_sewer_entry_bowl,
          uniq_terence
D:4:      layout_gridville, fedhas_altar_decomposition, uniq_natasha, uniq_ijyb
D:5:      cheibrodos_helix_gallery, layout_rooms
D:6:      layout_loops_ring, mainiacjoe_overflow_alcove_1
D:7:      kennysheep_slugbush, layout_basic, minmay_temple_entry_junction,
          serial_curves, eino_curves_02, eino_curves_02
D:8:      layout_loops_ring, mainiacjoe_overflow_boulevard, serial_aquarium,
          aquarium_bridge_square [aquarium_subvault_bridge,
          aquarium_subvault_bridge, aquarium_subvault_bridge,
          aquarium_subvault_bridge], aquarium_window_2, aquarium_window_1,
          aquarium_window_fake, aquarium_window_1, aquarium_view_2b,
          aquarium_pool_four, lightli_ossuary_entry_decrepit_ruins, uniq_psyche,
          uniq_erica
D:9:      layout_long_grid, nzn_makhleb_speed_demon,
          minmay_orc_entry_guard_dogs, serial_shops, nicolae_stop_n_shop_1
D:10:     kennysheep_blocky_room, layout_irregular_city, lemuel_doored_altar,
          general_overflow_altar
D:11:     layout_basic, lair_entry_dummy, uniq_josephine
D:12:     layout_cave_pods, kennysheep_treasure_room, uniq_jorgrun
D:13:     layout_loops_ring, minmay_hollow_rounded_squares
D:14:     layout_gridville, erik_vaults_1, kiku_gazebo_garden_becter
D:15:     grunt_enter_depths_snipers, layout_cave_pools, serial_shops,
          shop_fountains, nicolae_gozag_seed_capital, uniq_kirke
Lair:1:   layout_hall_layers, grunt_forest_large_clearings, uniq_sonja
Lair:2:   layout_long_grid, gammafunk_ghost_necromancy, basic_altar,
          lemuel_old_faithful, uniq_urug, uniq_gastronok
Lair:3:   cheibrodos_lair_river_kwai, layout_big_grid, minmay_swamp_entry_swarm,
          gauntlet_entry_generic, beast_lair_carwin_7
Lair:4:   nzn_winding_woodlands_cross [nzn_winding_woodlands_5x15_pool,
          nzn_winding_woodlands_5x15_parted, nzn_winding_woodlands_5x15_pockets,
          nzn_winding_woodlands_5x15_jagged,
          nzn_winding_woodlands_15x15_boxy_spiral], layout_regular_city,
          spider_nest_entry_funnel_web, serial_bayou, serial_bayou_shore_a,
          serial_bayou_pond_c, serial_bayou_lagoon_a, serial_bayou_pond_a
Lair:5:   layout_regular_city, dpeg_slime_entry_corner, gammafunk_ghost_grave
Lair:6:   evilmike_catoblepas_cave, layout_hall_layers,
          chequers_serial_rivers_marsh, serial_bayou_shore_b,
          serial_bayou_shore_b, lemuel_fruit_tree
Swamp:1:  nicolae_swamp_tree_isthmus, layout_basic_swamp,
          nicolae_swamp_little_swirl, swamp_pool1
Swamp:2:  layout_falls_marsh, infiniplex_staircase_pool_2
Swamp:3:  layout_basic_swamp, nicolae_swamp_oxbows
Swamp:4:  nzn_swamp_witches_coven, layout_basic_swamp, swamp_pool1,
          nicolae_swamp_big_swirl
Spider:1: layout_spider_delve, hangedman_spider_tarantella_strand, uniq_louise
Spider:2: layout_spider_delve
Spider:3: layout_spider_delve
Spider:4: grunt_spider_rune_parallel
Orc:1:    layout_caves, serial_shops, nicolae_shop_statue_plus, uniq_snorg
Orc:2:    st_orc_rangers, layout_caves, basic_altar,
          portal_ice_cave_entry_ice_simulacra, minmay_orc_treasury, uniq_erolcha
Vaults:1: ontoclasm_vaults_ring_large, vaults_room_pools, vaults_room_boxed,
          v_alt_pattern_5, v_rooms_4, v_misc_9, nicolae_vaults_ninety_degrees,
          v_misc_19, grunt_vaults_trifunnel, layout_vaults_ring, serial_shops,
          nicolae_shop_behind_doors
Vaults:2: v_misc_16, nicolae_vaults_little_ls, nicolae_vaults_big_angled_halls,
          minmay_crypt_entry_necro_gods, v_misc_24, v_misc_32,
          vaults_standard_mumra_enter_the_diamond, door_vault,
          vaults_room_pools, vaults_room_hallway, ontoclasm_vaults_gateway,
          ontoclasm_vaults_twist, layout_vaults_omnigrid, serial_shops,
          nicolae_shop_trees, uniq_mara
Vaults:3: v_misc_27, vaults_mumra_hex, nicolae_vaults_yaktaur_gun_rack,
          nicolae_vaults_three_branches, vaults_standard_mumra_lines, v_misc_14,
          v_pattern_5, ontoclasm_vaults_misaligned, st_greater_box_1,
          serial_ice_b, ontoclasm_vaults_pinch, ontoclasm_vaults_hangar,
          vaults_room_grid, layout_vaults_omnibox, serial_shops,
          nicolae_diamond_shop, uniq_donald
Vaults:4: ontoclasm_vaults_misaligned, vaults_dpeg_ring, vaults_mumra_minichess,
          nicolae_vaults_puzzle_piece, grunt_vaults_diagonal, st_spiral_rooms,
          dpeg_vaults_monster_row, hangedman_vaults_trim,
          hangedman_vaults_impose, layout_vaults_chaotic_city, serial_shops,
          shop
Vaults:5
Depths:1: layout_small_grid, enter_ziggurat_c, hell_entry,
          chequers_serial_rivers_micro_a, lightli_gold_pyramid, uniq_aizul

Notes
Turn   | Place    | Note
-------+----------+-------------------------------------------
     0 | Abyss:1  | spiderkeys the Kobold Abyssal Knight began the quest for
                  | the Orb.
     0 | Abyss:1  | Reached XP level 1. HP: 14/14 MP: 2/2
     0 | Abyss:1  | magus.rc [v1.9.10]
   314 | Abyss:1  | Noticed a worldbinder
   331 | Abyss:1  | Noticed a spatial vortex
   555 | D:1      | You pass through the gate.
   555 | D:1      | Escaped the Abyss
   693 | D:1      | Reached XP level 2. HP: 19/19 MP: 3/3
   821 | D:1      | Reached * piety under Lugonu
   822 | D:1      | Reached skill level 3 in Short Blades
   822 | D:1      | Reached skill level 1 in Stealth
  1371 | D:1      | Reached XP level 3. HP: 23/23 MP: 4/4
  2194 | D:2      | Reached skill level 3 in Dodging
  2576 | D:2      | Reached XP level 4. HP: 24/29 MP: 5/5
  2790 | D:2      | Reached skill level 2 in Stealth
  3477 | D:3      | Identified a scroll of acquirement
  3477 | D:3      | Acquired a +2 hand crossbow of flaming
  3650 | D:3      | Found a glowing drain.
  3654 | Sewer    | Entered a sewer
  3983 | Sewer    | Reached XP level 5. HP: 31/33 MP: 7/7
  3994 | Sewer    | Reached skill level 4 in Fighting
  4187 | Sewer    | Reached ** piety under Lugonu
  4351 | Sewer    | Reached skill level 3 in Invocations
  5149 | D:3      | Noticed an ice beast
  5488 | D:3      | Found a faded altar of an unknown god.
  5608 | D:3      | Noticed Terence
  5632 | D:3      | HP: 8/33 [Terence (6)]
  6049 | D:3      | Killed Terence
  6050 | D:3      | Reached skill level 4 in Short Blades
  6050 | D:3      | Reached skill level 3 in Stealth
  6388 | D:3      | Reached XP level 6. HP: 38/38 MP: 8/8
  6505 | D:4      | Noticed Ijyb
  6528 | D:4      | Killed Ijyb
  6592 | D:4      | Noticed Natasha
  6596 | D:4      | Killed Natasha
  6597 | D:4      | Reached skill level 4 in Dodging
  6711 | D:4      | Reached *** piety under Lugonu
  6930 | D:4      | Found a blossoming altar of Fedhas.
  6931 | D:4      | Noticed a necrophage
  6932 | D:4      | Noticed a necrophage
  6932 | D:4      | Noticed a necrophage
  6933 | D:4      | Noticed a necrophage
  6974 | D:4      | Noticed Natasha
  7082 | D:4      | Killed a necrophage
  7083 | D:4      | Reached skill level 4 in Stealth
  7083 | D:4      | Reached XP level 7. HP: 44/44 MP: 9/9
  7298 | D:4      | Killed Natasha
  7348 | D:4      | Reached skill level 4 in Invocations
  7415 | D:4      | Reached skill level 5 in Fighting
  7415 | D:4      | Reached skill level 5 in Short Blades
  7865 | D:4      | Noticed Natasha
  7869 | D:4      | Killed Natasha
  7904 | D:5      | Entered Level 5 of the Dungeon
  7913 | D:5      | Reached skill level 5 in Dodging
  7913 | D:5      | Reached skill level 5 in Stealth
  7913 | D:5      | Reached XP level 8. HP: 49/49 MP: 11/11
  7970 | D:5      | Reached skill level 1 in Crossbows
  8251 | D:5      | Reached skill level 2 in Crossbows
  8251 | D:5      | Reached skill level 5 in Invocations
  8465 | D:5      | Reached skill level 6 in Stealth
  8503 | D:5      | Reached skill level 6 in Fighting
  8595 | D:5      | Reached skill level 3 in Crossbows
  8595 | D:5      | Reached skill level 6 in Dodging
  8595 | D:5      | Reached XP level 9. HP: 55/55 MP: 11/13
  9005 | D:5      | Gained mutation: Your body sometimes deteriorates upon
                  | taking damage. [potion of mutation]
  9006 | D:5      | Lost mutation: Your body sometimes deteriorates upon taking
                  | damage. [potion of mutation]
  9006 | D:5      | Gained mutation: Your spells are a little harder to cast,
                  | but a little more powerful. [potion of mutation]
  9006 | D:5      | Gained mutation: You are partially covered in iridescent
                  | scales. (AC +2) [potion of mutation]
  9032 | D:5      | Reached skill level 7 in Stealth
  9197 | D:6      | Reached skill level 4 in Crossbows
  9523 | D:6      | Reached skill level 6 in Invocations
  9543 | D:6      | Reached **** piety under Lugonu
  9608 | D:6      | Found a basalt altar of Yredelemnul.
  9629 | D:6      | Noticed a cyclops
  9780 | D:6      | Killed a cyclops
  9781 | D:6      | Reached skill level 7 in Fighting
  9781 | D:6      | Reached skill level 7 in Dodging
 10055 | D:6      | Reached skill level 5 in Crossbows
 10055 | D:6      | Reached skill level 8 in Stealth
 10151 | D:6      | Reached XP level 10. HP: 36/63 MP: 9/14
 10623 | D:7      | You pick up a book of the Senses and begin reading...
 10623 | D:7      | You add the spells Dazzling Flash, Agony and Silence to
                  | your library.
 10956 | D:7      | Reached skill level 7 in Invocations
 11179 | D:7      | Identified the +7 quarterstaff of Overwhelming Force
                  | {freeze, rCorr Str+3}
 11419 | D:7      | Reached skill level 8 in Dodging
 11591 | D:7      | Found a staircase to the Ecumenical Temple.
 11675 | D:7      | Reached skill level 9 in Stealth
 11812 | D:7      | Reached skill level 6 in Crossbows
 11924 | D:8      | Noticed Psyche
 11938 | D:8      | Killed Psyche
 11939 | D:8      | Reached skill level 8 in Fighting
 11994 | D:8      | Found a sand-covered staircase.
 12001 | D:8      | You pick up a book of Dreams and begin reading...
 12001 | D:8      | You add the spells Ensorcelled Hibernation and Spider Form
                  | to your library.
 12012 | D:8      | Learned a level 2 spell: Ensorcelled Hibernation
 12013 | Ossuary  | Entered an ossuary
 12051 | Ossuary  | Reached ***** piety under Lugonu
 12629 | D:8      | Noticed Erica
 12632 | D:8      | Killed Erica
 12633 | D:8      | Reached skill level 1 in Spellcasting
 12650 | D:8      | Found a shimmering altar of Xom.
 13010 | D:8      | Reached skill level 2 in Spellcasting
 13010 | D:8      | Reached XP level 11. HP: 69/69 MP: 16/16
 13024 | D:8      | Reached skill level 8 in Invocations
 13291 | D:9      | Found Qazxiloe's Book Shop.
 13364 | D:9      | Found a runed translucent door.
 13365 | D:9      | Found a burning altar of Makhleb.
 13365 | D:9      | Noticed a sixfirhy
 13480 | D:9      | Reached skill level 7 in Crossbows
 13801 | D:9      | Reached skill level 9 in Dodging
 14247 | D:9      | Found a staircase to the Orcish Mines.
 14298 | D:9      | Reached skill level 3 in Spellcasting
 14335 | D:9      | Reached skill level 9 in Fighting
 14384 | D:9      | HP: 13/71 [acid dragon/splash of acid (27)]
 14911 | D:10     | Entered Level 10 of the Dungeon
 15097 | D:10     | Found a white marble altar of Elyvilon.
 15143 | D:10     | Found a sparkling altar of Nemelex Xobeh.
 15372 | D:10     | Noticed a centaur warrior
 15392 | D:10     | Banished a centaur warrior
 15393 | D:10     | Reached skill level 8 in Crossbows
 15699 | D:10     | Reached skill level 4 in Spellcasting
 15706 | D:10     | Noticed a tengu warrior
 15710 | D:10     | Killed a tengu warrior
 15711 | D:10     | Reached skill level 9 in Invocations
 15742 | D:10     | Noticed a two-headed ogre
 15753 | D:10     | Killed a two-headed ogre
 15754 | D:10     | Reached skill level 10 in Dodging
 15756 | D:10     | Noticed a white ugly thing
 15785 | D:10     | Killed a white ugly thing
 15786 | D:10     | Reached skill level 1 in Hexes
 15999 | D:10     | You pick up a book of Spatial Translocations and begin
                  | reading...
 15999 | D:10     | You add the spells Blink, Lesser Beckoning and Manifold
                  | Assault to your library.
 16284 | D:11     | Noticed a green ugly thing
 16287 | D:11     | Noticed a boulder beetle
 16410 | D:11     | Killed a green ugly thing
 16411 | D:11     | Reached skill level 6 in Short Blades
 16411 | D:11     | Reached XP level 12. HP: 34/77 MP: 18/18
 16486 | D:11     | Banished a boulder beetle
 16487 | D:11     | Reached skill level 2 in Hexes
 16706 | D:11     | Found a staircase to the Lair.
 16718 | D:11     | Identified the +7 flail "Hydrabane" {protect, Will+}
 17194 | D:11     | Noticed Josephine
 17199 | D:11     | Killed Josephine
 17200 | D:11     | Reached skill level 10 in Fighting
 17200 | D:11     | Reached skill level 10 in Stealth
 17299 | D:11     | Noticed a six-headed hydra
 17302 | D:11     | Killed a six-headed hydra
 17303 | D:11     | Reached skill level 7 in Short Blades
 17303 | D:11     | Reached skill level 3 in Hexes
 17575 | D:11     | Noticed a boulder beetle
 17576 | D:11     | Banished a boulder beetle
 17741 | D:12     | Noticed Jorgrun
 17752 | D:12     | Killed Jorgrun
 17753 | D:12     | Reached skill level 11 in Dodging
 17763 | D:12     | You pick up a book of Rime and begin reading...
 17763 | D:12     | You add the spells Frozen Ramparts, Ice Form and Summon Ice
                  | Beast to your library.
 17772 | D:12     | Noticed an eight-headed hydra
 17776 | D:12     | Killed an eight-headed hydra
 17777 | D:12     | Reached skill level 4 in Hexes
 17783 | D:12     | Reached skill level 11 in Stealth
 17792 | D:12     | Reached skill level 8 in Short Blades
 17823 | D:12     | Found a runed translucent door.
 17823 | D:12     | Noticed a sphinx
 17824 | D:12     | Noticed a deep elf high priest
 17848 | D:12     | Noticed an anaconda
 17854 | D:12     | Paralysed by a sphinx for 2 turns
 17859 | D:12     | Noticed an alligator
 17859 | D:12     | an anaconda changed into an alligator
 17860 | D:12     | Noticed a spark wasp
 17860 | D:12     | an alligator changed into a spark wasp
 17863 | D:12     | Noticed a great orb of eyes
 17863 | D:12     | a spark wasp changed into a great orb of eyes
 17864 | D:12     | Noticed a boulder beetle
 17864 | D:12     | a great orb of eyes changed into a boulder beetle
 17867 | D:12     | Banished a sphinx
 17881 | D:12     | Noticed a boulder beetle
 17897 | D:12     | Noticed an entropy weaver
 18024 | D:12     | You pick up a book of Decay and begin reading...
 18024 | D:12     | You add the spells Corpse Rot, Dispel Undead and Death
                  | Channel to your library.
 18025 | D:12     | Identified the +6 scimitar of Huesyr {speed, SInv}
 18171 | Lair:1   | Entered Level 1 of the Lair of Beasts
 18294 | Lair:1   | Noticed Sonja
 18298 | Lair:1   | Killed Sonja
 18299 | Lair:1   | Reached XP level 13. HP: 83/83 MP: 19/19
 18356 | Lair:1   | Noticed a five-headed hydra
 18360 | Lair:1   | Killed a five-headed hydra
 18519 | Lair:1   | Reached skill level 5 in Hexes
 18542 | Lair:1   | Reached skill level 11 in Fighting
 18632 | Lair:1   | Reached skill level 9 in Short Blades
 18720 | Lair:1   | You pick up a book of Maledictions and begin reading...
 18762 | Lair:1   | Reached skill level 12 in Stealth
 19359 | Lair:2   | Reached skill level 12 in Dodging
 19394 | Lair:2   | Noticed Gastronok
 19433 | Lair:2   | Killed Gastronok
 19467 | Lair:2   | Found a broken altar of Ashenzari.
 19537 | Lair:2   | Found a runed translucent gate.
 19538 | Lair:2   | Found a runed translucent gate.
 19538 | Lair:2   | Noticed Roefeuw's ghost (journeyman OgHu)
 19539 | Lair:2   | Found a runed translucent gate.
 19845 | Lair:2   | Noticed Urug
 19849 | Lair:2   | Killed Urug
 19850 | Lair:2   | Reached skill level 6 in Hexes
 20399 | Lair:3   | Noticed a four-headed hydra
 20403 | Lair:3   | Killed a four-headed hydra
 20404 | Lair:3   | Reached skill level 10 in Short Blades
 20414 | Lair:3   | Found a gate leading to a gauntlet.
 20420 | Gauntlet | Entered a Gauntlet
 20423 | Gauntlet | Found a runed translucent door.
 20423 | Gauntlet | Found the ring of the Hare {EV+8}
 20428 | Gauntlet | Found a large runed translucent door.
 20428 | Gauntlet | Found a large runed translucent door.
 20429 | Gauntlet | Found a large runed translucent door.
 20429 | Gauntlet | Found a large runed translucent door.
 20430 | Gauntlet | Found a runed translucent door.
 20431 | Gauntlet | Found a transporter.
 20431 | Gauntlet | Found a transporter.
 20432 | Gauntlet | Found a runed translucent door.
 20435 | Gauntlet | Found a large runed translucent door.
 20436 | Gauntlet | Found a large runed translucent door.
 20437 | Gauntlet | Found a large runed translucent door.
 20437 | Gauntlet | Found a large runed translucent door.
 20440 | Gauntlet | Found a transporter.
 20440 | Gauntlet | Found a transporter.
 20454 | Gauntlet | Found a runed translucent gate.
 20455 | Gauntlet | Found a transporter.
 20455 | Gauntlet | Found a transporter.
 20455 | Gauntlet | Found a runed translucent gate.
 20456 | Gauntlet | Found a runed translucent gate.
 20470 | Gauntlet | Found a transporter.
 20503 | Gauntlet | Found a runed translucent door.
 20513 | Gauntlet | Found a transporter.
 20527 | Gauntlet | Found a transporter.
 20547 | Gauntlet | Found a large runed translucent door.
 20548 | Gauntlet | Found a large runed translucent door.
 20551 | Gauntlet | Found a large runed translucent door.
 20551 | Gauntlet | Found a large runed translucent door.
 20553 | Gauntlet | Found a large runed translucent door.
 20554 | Gauntlet | Found a large runed translucent door.
 20555 | Gauntlet | Found a large runed translucent door.
 20555 | Gauntlet | Found a large runed translucent door.
 20563 | Gauntlet | Noticed a dire elephant
 20578 | Gauntlet | Found a transporter.
 20610 | Gauntlet | Corrupted Gauntlet
 20618 | Gauntlet | Noticed a rakshasa
 20629 | Gauntlet | Noticed a tentacled starspawn
 20658 | Gauntlet | Identified the ring "Fitwocw" {Str+6 Dex+2}
 20841 | Gauntlet | Banished a dire elephant
 20842 | Gauntlet | Reached skill level 1 in Evocations
 20907 | Gauntlet | You add the spells Conjure Flame, Ignite Poison and Sticky
                  | Flame to your library.
 20911 | Gauntlet | Found a transporter.
 20932 | Gauntlet | Identified the ring of Relativism {Wiz Int+2}
 20994 | Gauntlet | Identified the ring of Fiqigu {rN++ Int+6 Dex+3}
 20994 | Gauntlet | Noticed a minotaur
 21014 | Gauntlet | Killed a minotaur
 21035 | Gauntlet | You add the spells Borgnjor's Revivification, Necromutation
                  | and Death's Door to your library.
 21179 | Gauntlet | Reached skill level 1 in Shields
 21195 | Gauntlet | Found a transporter.
 21260 | Gauntlet | Noticed an anaconda
 21497 | Gauntlet | Reached skill level 2 in Evocations
 21562 | Lair:3   | Found a staircase to the Swamp.
 21899 | Lair:3   | Reached XP level 14. HP: 91/91 MP: 20/20
 22035 | Lair:3   | You pick up a book of Frost and begin reading...
 22035 | Lair:3   | You add the spells Freeze and Hailstorm to your library.
 22037 | Lair:3   | You pick up a book of Lightning and begin reading...
 22037 | Lair:3   | You add the spells Static Discharge, Lightning Bolt and
                  | Maxwell's Capacitive Coupling to your library.
 22186 | Lair:3   | Reached skill level 2 in Shields
 22208 | Lair:3   | Reached skill level 3 in Evocations
 22215 | Lair:3   | Reached skill level 12 in Fighting
 22540 | Lair:4   | Reached skill level 7 in Hexes
 22701 | Lair:4   | Reached skill level 4 in Evocations
 22860 | Lair:4   | Reached skill level 11 in Short Blades
 22905 | Lair:4   | Identified the +5 war axe of the Desert {flame, Will+
                  | Stlth+}
 22974 | Lair:4   | Reached skill level 13 in Dodging
 23227 | Lair:3   | Reached skill level 3 in Shields
 23699 | Lair:4   | Reached skill level 5 in Evocations
 23851 | Lair:4   | Learned a level 3 spell: Tukima's Dance
 23855 | Lair:4   | Learned a level 3 spell: Dazzling Flash
 24476 | Lair:4   | Found a hole to the Spider Nest.
 24728 | Lair:5   | Found a runed translucent door.
 24728 | Lair:5   | Noticed demibob's ghost (journeyman OgBe)
 24948 | Lair:5   | You add the spells Sting, Poisonous Vapours and Olgreb's
                  | Toxic Radiance to your library.
 24964 | Lair:5   | Acquired a +5 quick blade
 24968 | Lair:5   | R - a +5 quick blade {rare}
 24969 | Lair:5   | your +5 quick blade {rare} craves living souls!
 24969 | Lair:5   | R - a +5 quick blade of draining {rare}
 24970 | Lair:5   | your +5 quick blade of draining {rare} drips with poison.
 24970 | Lair:5   | R - a +5 quick blade of venom {rare}
 24971 | Lair:5   | your +5 quick blade of venom {rare} thirsts for the lives
                  | of mortals!
 24971 | Lair:5   | R - a +5 vampiric quick blade {rare}
 24972 | Lair:5   | your +5 vampiric quick blade {rare} projects an invisible
                  | shield of force!
 24972 | Lair:5   | R - a +5 quick blade of protection {rare}
 24998 | Lair:5   | your +5 quick blade of protection {rare} hums with
                  | potential!
 24998 | Lair:5   | R - a +5 quick blade of protection (weapon) {rare}
 25084 | Lair:5   | Reached skill level 4 in Shields
 25084 | Lair:5   | Reached XP level 15. HP: 85/97 MP: 21/21
 25231 | Lair:5   | Reached skill level 8 in Hexes
 25380 | Lair:5   | Reached skill level 6 in Evocations
 25474 | Lair:5   | Reached skill level 12 in Short Blades
 25482 | Lair:5   | your +5 quick blade of protection {rare} goes still.
 25500 | Lair:5   | your +5 quick blade of protection {rare} hums with
                  | potential!
 25500 | Lair:5   | R - a +5 quick blade of protection (weapon) {rare}
 25600 | Lair:5   | You pick up a book of Air and begin reading...
 25600 | Lair:5   | You add the spells Shock, Swiftness and Airstrike to your
                  | library.
 25801 | Lair:5   | Reached skill level 13 in Fighting
 26141 | Lair:5   | Found a staircase to the Slime Pits.
 26179 | Lair:5   | Killed demibob's ghost
 26196 | Lair:6   | Entered Level 6 of the Lair of Beasts
 26340 | Lair:6   | Reached skill level 1 in Conjurations
 26392 | Lair:5   | Reached skill level 14 in Dodging
 26453 | Lair:6   | Reached skill level 7 in Evocations
 26496 | Lair:6   | Reached ****** piety under Lugonu
 26497 | Lair:6   | Do you wish to have your +5 quick blade of protection
                  | {rare} corrupted with distortion?
 26497 | Lair:6   | Identified a +7 quick blade of distortion {rare} (a +5
                  | quick blade of protection {rare} corrupted by Lugonu)
 26497 | Lair:6   | Your quick blade {rare} shines brightly!
 26497 | Lair:6   | Received a gift from Lugonu
 26585 | Lair:6   | You pick up a book of Alchemy and begin reading...
 26585 | Lair:6   | You add the spells Sublimation of Blood, Petrify and
                  | Irradiate to your library.
 26609 | Lair:6   | Reached skill level 2 in Conjurations
 26819 | Lair:6   | Reached skill level 3 in Conjurations
 26996 | Lair:6   | your +7 quick blade of distortion {rare} glows red for a
                  | moment.
 27081 | Lair:6   | Reached skill level 10 in Invocations
 27081 | Lair:6   | Reached skill level 8 in Evocations
 27207 | Lair:6   | HP: 25/100 [elephant (44)]
 27214 | Lair:6   | HP: 20/100 [elephant (14)]
 27253 | Lair:6   | Reached XP level 16. HP: 67/105 MP: 23/23
 27352 | Lair:6   | Reached skill level 4 in Conjurations
 27956 | Orc:1    | Entered Level 1 of the Orcish Mines
 28288 | Orc:1    | Noticed Snorg
 28295 | Orc:1    | Banished Snorg
 28315 | Orc:1    | Found Bomouwun's Antique Weapon Boutique.
 28529 | Orc:2    | Entered Level 2 of the Orcish Mines
 28553 | Orc:2    | Found a frozen archway.
 28582 | IceCv    | Entered an ice cave
 28633 | IceCv    | Reached skill level 14 in Fighting
 28636 | IceCv    | Identified a potion of experience
 28637 | IceCv    | Reached skill level 5 in Spellcasting
 28637 | IceCv    | Reached skill level 6 in Conjurations
 28637 | IceCv    | Reached XP level 17. HP: 111/111 MP: 23/25
 28746 | IceCv    | Reached skill level 15 in Dodging
 28795 | IceCv    | Reached skill level 9 in Evocations
 28881 | IceCv    | Identified the +1 ring mail of the Moon Troll {+Blink Fly
                  | rF-}
 28935 | IceCv    | Identified a +1 crystal plate armour of cold resistance
 29133 | Orc:2    | Found a staircase to the Elven Halls.
 29572 | Orc:2    | Noticed Erolcha
 29582 | Orc:2    | Killed Erolcha
 29583 | Orc:2    | Reached skill level 11 in Invocations
 29679 | Orc:2    | Reached skill level 1 in Ice Magic
 29726 | Orc:2    | Reached skill level 2 in Ice Magic
 30022 | Orc:2    | You add the spells Call Imp, Haunt and Summon Hydra to your
                  | library.
 30022 | Orc:2    | Got the Collected Works on the Entourage
 30024 | Orc:2    | You add the spells Mephitic Cloud and Freezing Cloud to
                  | your library.
 30027 | Orc:2    | Identified the ring "Ykhlill" {Str+2 Dex+6}
 30160 | Orc:2    | Found Hodew's Armour Emporium.
 30160 | Orc:2    | Found Qyostrure's Jewellery Boutique.
 30160 | Orc:2    | Found Guhimahu's Antique Weapon Shop.
 30161 | Orc:2    | Found Mefod's General Store.
 30173 | Orc:2    | Bought a scroll of acquirement for 728 gold pieces
 30173 | Orc:2    | Acquired the +11 quick blade of the Iron City of Dis {holy,
                  | Fragile rN+++ Str-2 Dex+7}
 30299 | Orc:2    | Bought a +0 buckler of protection for 184 gold pieces
 30500 | D:12     | Noticed a golden dragon
 30502 | D:12     | a golden dragon changed into a fire giant
 30506 | D:12     | Noticed a quicksilver dragon
 30524 | D:12     | a quicksilver dragon changed into an iron troll
 30525 | D:12     | Noticed a shadow dragon
 30525 | D:12     | an iron troll changed into a shadow dragon
 30532 | D:12     | Banished a shadow dragon
 30670 | D:12     | Reached skill level 13 in Stealth
 31030 | D:12     | Reached skill level 3 in Ice Magic
 31563 | D:13     | Reached skill level 10 in Evocations
 31701 | D:13     | Reached skill level 4 in Ice Magic
 32134 | D:14     | your +8 quick blade of distortion {rare} glows red for a
                  | moment.
 32215 | D:14     | Reached XP level 18. HP: 117/117 MP: 26/26
 32291 | D:14     | Found a gate to the Vaults.
 32344 | D:14     | Reached skill level 5 in Ice Magic
 32543 | D:14     | Found an ancient bone altar of Kikubaaqudgha.
 32620 | D:14     | Learned a level 5 spell: Irradiate
 33182 | D:15     | Entered Level 15 of the Dungeon
 33284 | D:15     | Reached skill level 16 in Dodging
 33293 | D:15     | Reached skill level 1 in Transmutations
 33327 | D:14     | Reached skill level 15 in Fighting
 33372 | D:15     | Reached skill level 14 in Stealth
 33372 | D:15     | Reached skill level 12 in Invocations
 33569 | D:15     | Acquired the +12 triple crossbow "Pasonuip" {penet,
                  | *Corrode rF+ Str+4 Int+3}
 33593 | D:15     | Identified the +6 trident of Omave {drain, rPois rCorr
                  | Str+2 Int+2}
 33634 | D:15     | Found a staircase to the Depths.
 33643 | D:15     | Reached skill level 2 in Transmutations
 33714 | D:15     | Found Titiokhe's Antique Weapon Shop.
 33898 | D:15     | Noticed Kirke
 33916 | D:15     | Killed Kirke
 34033 | D:15     | Found an opulent altar of Gozag.
 34054 | D:15     | B - a +9 quick blade of distortion (weapon) {rare}
 34291 | Spider:1 | Entered Level 1 of the Spider Nest
 34324 | Spider:1 | You fall into a shaft and drop 1 floor!
 34342 | Spider:2 | Reached skill level 9 in Crossbows
 34342 | Spider:2 | Reached skill level 3 in Transmutations
 34708 | Spider:2 | Reached skill level 10 in Crossbows
 34792 | Spider:2 | Reached skill level 4 in Transmutations
 35292 | Spider:1 | Noticed Louise
 35309 | Spider:1 | You are cast into the Abyss!
 35309 | Spider:1 | Cast into level 2 of the Abyss (Louise)
 35444 | Abyss:2  | Found a corrupted altar of Lugonu.
 35579 | Abyss:2  | Found a broken altar of Ashenzari.
 35785 | Abyss:2  | Found a corrupted altar of Lugonu.
 35870 | Abyss:3  | Reached skill level 11 in Crossbows
 35905 | Abyss:3  | You pick up a book of the Tundra and begin reading...
 35980 | Abyss:4  | You pick up a book of Armaments and begin reading...
 35980 | Abyss:4  | You add the spells Stone Arrow, Animate Armour and
                  | Lehudib's Crystal Spear to your library.
 36125 | Abyss:4  | You pick up a book of Callings and begin reading...
 36125 | Abyss:4  | You add the spells Summon Small Mammal, Call Canine
                  | Familiar and Summon Guardian Golem to your library.
 36130 | Spider:1 | You pass through the gate.
 36130 | Spider:1 | Escaped the Abyss
 36152 | Spider:1 | Reached skill level 5 in Transmutations
 36183 | Spider:1 | You are cast into the Abyss!
 36183 | Spider:1 | Cast into level 2 of the Abyss (Louise)
 36232 | Abyss:2  | Found a hazy altar of Hepliaklqana.
 36350 | Abyss:2  | Noticed a hellephant
 36487 | Abyss:2  | Noticed a bone dragon
 36512 | Abyss:2  | Killed a bone dragon
 36524 | Abyss:2  | Noticed a tentacled monstrosity
 36556 | Abyss:2  | Killed a tentacled monstrosity
 36557 | Abyss:2  | Reached skill level 17 in Dodging
 36557 | Abyss:2  | Reached XP level 19. HP: 110/124 MP: 28/28
 36650 | Abyss:2  | Noticed a lich
 36772 | Abyss:2  | Killed a lich
 36922 | Abyss:2  | Reached skill level 12 in Crossbows
 37178 | Abyss:4  | You pick up a book of Iron and begin reading...
 37178 | Abyss:4  | You add the spells Blade Hands and Iron Shot to your
                  | library.
 37223 | Abyss:5  | Entered Level 5 of the Abyss
 37456 | Abyss:5  | Reached skill level 6 in Transmutations
 37555 | Abyss:5  | Noticed a bone dragon
 37563 | Spider:1 | You pass through the gate.
 37563 | Spider:1 | Escaped the Abyss
 37836 | Spider:1 | Banished Louise
 37851 | Spider:1 | Reached skill level 13 in Crossbows
 38050 | Spider:1 | You pick up a book of Misfortune and begin reading...
 38050 | Spider:1 | You add the spells Slow, Confusing Touch and Yara's Violent
                  | Unravelling to your library.
 38163 | Spider:1 | Learned a level 5 spell: Yara's Violent Unravelling
 38365 | Spider:3 | Acquired the ring of Vehumet's Outrage {rElec Dex+2 Slay+4}
 38547 | Spider:3 | You pick up a book of Transfigurations and begin reading...
 38581 | Spider:3 | Identified the +8 hunting sling of spiderkeys's Execution
                  | {venom, Dex+7 Stlth-}
 38828 | Spider:3 | Reached skill level 7 in Transmutations
 39188 | Spider:4 | Entered Level 4 of the Spider Nest
 39292 | Spider:4 | Reached skill level 14 in Crossbows
 39871 | Spider:4 | HP: 31/124 [spark wasp (16)]
 39883 | Spider:4 | Reached XP level 20. HP: 80/129 MP: 3/29
 39892 | Spider:4 | Reached skill level 8 in Transmutations
 39931 | Spider:4 | Reached skill level 15 in Crossbows
 39931 | Spider:4 | Reached skill level 9 in Hexes
 40168 | Spider:4 | Got a gossamer rune of Zot
 40682 | Swamp:1  | Entered Level 1 of the Swamp
 40751 | Swamp:1  | You pick up a book of the Hunter and begin reading...
 40751 | Swamp:1  | You add the spells Portal Projectile and Leda's
                  | Liquefaction to your library.
 40981 | Swamp:1  | You pick up a book of Ice and begin reading...
 41625 | Swamp:2  | Reached skill level 16 in Crossbows
 42666 | Swamp:4  | Entered Level 4 of the Swamp
 42697 | Swamp:4  | Reached skill level 9 in Transmutations
 42872 | Swamp:4  | Reached skill level 10 in Hexes
 43335 | Swamp:4  | Paralysed by a hornet for 3 turns
 43338 | Swamp:4  | HP: 27/129 [ghoul (10)]
 43490 | Swamp:4  | Reached skill level 17 in Crossbows
 43959 | Swamp:4  | Noticed a tentacled monstrosity
 43982 | Swamp:4  | Killed a tentacled monstrosity
 44051 | Swamp:4  | Paralysed by a fenstrider witch for 4 turns
 44101 | Swamp:4  | Got a decaying rune of Zot
 44154 | Swamp:4  | Reached XP level 21. HP: 134/134 MP: 30/30
 44512 | Vaults:1 | Entered Level 1 of the Vaults
 44531 | Vaults:1 | Found Hojomiuc's Magic Scroll Shop.
 44534 | Vaults:1 | Bought a scroll of blinking for 82 gold pieces
 44563 | Vaults:1 | Reached skill level 10 in Transmutations
 44789 | Vaults:1 | Reached skill level 18 in Crossbows
 44895 | Vaults:1 | Reached skill level 11 in Hexes
 45112 | Vaults:1 | You pick up a book of Burglary and begin reading...
 45112 | Vaults:1 | You add the spells Passwall and Invisibility to your
                  | library.
 45124 | Vaults:1 | Learned a level 3 spell: Confusing Touch
 45127 | Vaults:1 | Learned a level 2 spell: Slow
 45135 | Vaults:1 | Identified the +9 plate armour of Ceadd {Will+ Str+3}
 46240 | Vaults:2 | Reached skill level 19 in Crossbows
 46342 | Vaults:2 | Found a staircase to the Crypt.
 46342 | Vaults:2 | Found an ancient bone altar of Kikubaaqudgha.
 46342 | Vaults:2 | Found a basalt altar of Yredelemnul.
 46422 | Vaults:2 | Noticed Mara
 46452 | Vaults:2 | Noticed spiderkeys's illusion
 46470 | Vaults:2 | Killed Mara
 46471 | Vaults:2 | Reached skill level 11 in Transmutations
 46617 | Vaults:2 | Found Byfy's Jewellery Emporium.
 47384 | Vaults:2 | Found a huge runed gate.
 47384 | Vaults:2 | Found a huge runed gate.
 47384 | Vaults:2 | Found a huge runed gate.
 47384 | Vaults:2 | Found a huge runed gate.
 47384 | Vaults:2 | Found a huge runed gate.
 47384 | Vaults:2 | Found a huge runed gate.
 47384 | Vaults:2 | Found a huge runed gate.
 47385 | Vaults:2 | Found a huge runed gate.
 47389 | Vaults:2 | Found a huge runed gate.
 47389 | Vaults:2 | Found a huge runed gate.
 47390 | Vaults:2 | Found a huge runed gate.
 47391 | Vaults:2 | Found a huge runed gate.
 47392 | Vaults:2 | Found a huge runed gate.
 47393 | Vaults:2 | Found a huge runed gate.
 47394 | Vaults:2 | Found a huge runed gate.
 47395 | Vaults:2 | Found a huge runed gate.
 47396 | Vaults:2 | Found a huge runed gate.
 47401 | Vaults:2 | Found a huge runed gate.
 47401 | Vaults:2 | Found a huge runed gate.
 47401 | Vaults:2 | Found a huge runed gate.
 47402 | Vaults:2 | Found a huge runed gate.
 47403 | Vaults:2 | Found a huge runed gate.
 47404 | Vaults:2 | Found a huge runed gate.
 47405 | Vaults:2 | Found a huge runed gate.
 47406 | Vaults:2 | Found a huge runed gate.
 47407 | Vaults:2 | Found a huge runed gate.
 47412 | Vaults:2 | Found a huge runed gate.
 47412 | Vaults:2 | Found a huge runed gate.
 47412 | Vaults:2 | Found a huge runed gate.
 47413 | Vaults:2 | Found a huge runed gate.
 47414 | Vaults:2 | Found a huge runed gate.
 47415 | Vaults:2 | Found a huge runed gate.
 47416 | Vaults:2 | Found a huge runed gate.
 47417 | Vaults:2 | Found a huge runed gate.
 47418 | Vaults:2 | Found a huge runed gate.
 47423 | Vaults:2 | Found a huge runed gate.
 47661 | Vaults:2 | Reached skill level 12 in Hexes
 47795 | Vaults:2 | Noticed an ancient lich
 47823 | Vaults:2 | HP: 19/131 [frost giant/bolt of cold (20)]
 47988 | Vaults:2 | Reached XP level 22. HP: 133/140 MP: 31/31
 48057 | Vaults:2 | Killed an ancient lich
 48064 | Vaults:2 | Reached skill level 20 in Crossbows
 48249 | Vaults:2 | You pick up a book of Touch and begin reading...
 48372 | Vaults:3 | Paralysed by a great orb of eyes for 7 turns
 48833 | Vaults:3 | Reached skill level 12 in Transmutations
 49025 | Vaults:3 | Noticed Donald
 49048 | Vaults:3 | Killed Donald
 49237 | Vaults:3 | Reached skill level 21 in Crossbows
 49339 | Vaults:3 | Reached skill level 13 in Hexes
 49948 | Vaults:3 | Found Piwnoph's Distillery.
 50289 | Vaults:3 | Here: a vampire mage, wielding the +11 plutonium sword
                  | {Contam Stlth-} and wearing a +0 robe
 50298 | Vaults:3 | Aim: a vampire mage, wielding the +11 plutonium sword
                  | {Contam Stlth-} and wearing a +0 robe (moderately damaged,
                  | chance to affect: 49%)
 50323 | Vaults:3 | Noticed a caustic shrike
 50326 | Vaults:3 | Aim: a vampire mage, wielding the +11 plutonium sword
                  | {Contam Stlth-} and wearing a +0 robe (moderately damaged,
                  | chance to affect: 49%)
 50326 | Vaults:3 | Aim: a vampire mage, wielding the +11 plutonium sword
                  | {Contam Stlth-} and wearing a +0 robe (moderately damaged,
                  | chance to affect: 49%)
 50327 | Vaults:3 | Aim: a vampire mage, wielding the +11 plutonium sword
                  | {Contam Stlth-} and wearing a +0 robe (severely damaged,
                  | chance to affect: 49%)
 50327 | Vaults:3 | Aim: a vampire mage, wielding the +11 plutonium sword
                  | {Contam Stlth-} and wearing a +0 robe (severely damaged,
                  | chance to affect: 49%)
 50423 | Vaults:3 | Reached skill level 22 in Crossbows
 50497 | Vaults:3 | +0 storm dragon scales {rare}; a +0 arbalest; a storm
                  | dragon corpse
 50761 | Vaults:3 | Reached skill level 6 in Spellcasting
 50821 | Vaults:3 | Bought a potion of invisibility for 144 gold pieces
 51109 | Vaults:4 | Reached XP level 23. HP: 144/144 MP: 32/32
 51529 | Vaults:4 | Reached skill level 14 in Hexes
 52015 | Vaults:4 | Found Pachon's Distillery.
 52353 | Vaults:4 | Reached skill level 7 in Spellcasting
 52358 | Vaults:4 | Reached skill level 16 in Fighting
 52539 | Vaults:4 | Bought a potion of heal wounds for 85 gold pieces
 52895 | Vaults:5 | Entered Level 5 of the Vaults
 53133 | Depths:1 | Entered Level 1 of the Depths
 53157 | Depths:1 | Found a runed translucent door.
 53638 | Depths:1 | Found a gateway to Hell.
 53648 | Depths:1 | Reached skill level 8 in Spellcasting
 53650 | Depths:1 | Reached skill level 13 in Transmutations
 53759 | Depths:1 | Found a gateway to a ziggurat.
 53770 | Depths:1 | Noticed Aizul
 53967 | Depths:1 | Acquired 1152 gold pieces
 54030 | Depths:1 | Killed Aizul
 54031 | Depths:1 | Reached skill level 17 in Fighting
 54139 | Depths:1 | You pick up a book of Fire and begin reading...
 54139 | Depths:1 | You add the spells Fireball, Starburst and Ignition to your
                  | library.
 54413 | Depths:1 | Noticed a golden dragon
 54574 | Depths:1 | Paralysed by a sphinx for 5 turns
 54581 | Depths:1 | HP: 24/149 [walking earthen tome (15)]
 54583 | Depths:1 | HP: 5/149 [walking earthen tome (11)]
 54583 | Depths:1 | HP: 2/149 [sphinx (3)]
 54584 | Depths:1 | Slain by a sphinx

Vanquished Creatures
  Mara (Vaults:2)
  A bone dragon (Abyss:2)
  2 tentacled monstrosities
  A lich (Abyss:2)
  Gastronok (Lair:2)
  3 tentacled starspawn
  3 sphinxes (Vaults:3)
  A thorn hunter (Swamp:4)
  2 tengu reavers (Vaults:2)
  A shadow dragon (Vaults:2)
  Kirke (D:15)
  A storm dragon (Vaults:3)
  Donald (Vaults:3)
  2 fire giants
  3 fenstrider witches
  A ghost moth (Spider:4)
  2 orc warlords
  2 frost giants (Vaults:3)
  An emperor scorpion (shapeshifter) (Vaults:2)
  4 vault wardens
  2 emperor scorpions (Spider:4)
  Aizul (Depths:1)
  3 ghouls
  5 stone giants
  14 ironbound preservers
  A vampire knight (Vaults:3)
  A deep elf demonologist (Vaults:4)
  10 very ugly things
  A reaper (Swamp:4)
  A juggernaut skeleton (Abyss:5)
  The ghost of demibob the Bludgeoner, a journeyman OgBe of Trog (Lair:5)
  2 dire elephants (Vaults:2)
  4 bunyips
  A minotaur (Gauntlet)
  A deep elf annihilator (Vaults:3)
  5 entropy weavers
  2 spark wasps
  4 eleionomae
  A fire dragon (Depths:1)
  An ettin (Depths:1)
  A green death (Swamp:4)
  10 yaktaur captains
  A deep elf high priest (Vaults:3)
  3 great orbs of eyes
  A shambling mangrove (Swamp:4)
  Josephine (D:11)
  2 rakshasas
  Erolcha (Orc:2)
  An ice dragon (Depths:1)
  28 vault guards
  2 peacekeepers
  15 hydras
  3 boulder beetles
  4 catoblepae
  5 ironbound thunderhulks
  15 centaur warriors
  3 ogre magi
  A spriggan air mage (Swamp:4)
  15 ironbound frosthearts
  2 dancing weapons (D:14)
  Erica (D:8)
  5 alligators
  2 two-headed ogres
  A deep troll shaman (Depths:1)
  A death knight (Abyss:3)
  5 tengu warriors
  A vampire mage (Vaults:3)
  A deep troll earth mage (Depths:1)
  Urug (Lair:2)
  4 death yaks (Lair:6)
  A titan zombie (Vaults:4)
  2 thrashing horrors
  A spriggan berserker (Swamp:4)
  7 spriggans
  Sonja (Lair:1)
  A fire crab (Lair:5)
  4 wretched stars
  A shadow wraith (Abyss:5)
  2 death drakes
  A soul eater (Swamp:4)
  4 goliath frogs
  2 iron trolls (Depths:1)
  36 deep trolls
  A sixfirhy (Abyss:5)
  2 flayed ghosts (Abyss:2)
  3 swamp dragons (Swamp:4)
  3 skeletal warriors (D:14)
  2 spriggan druids (Swamp:4)
  14 ironbound convokers
  2 bog bodies
  7 lindwurms
  8 wizards
  4 starcursed masses (Abyss:2)
  A deep elf zephyrmancer (Swamp:4)
  5 orc knights
  20 orb spiders
  A deep elf pyromancer (Swamp:4)
  8 cyclopes
  5 orc sorcerers
  17 wolf spiders
  26 ugly things
  A manticore (shapeshifter) (Gauntlet)
  5 manticores
  2 will-o-the-wisps
  4 necromancers
  A sphinx skeleton (Vaults:1)
  2 moths of wrath
  4 elephants
  A guardian serpent (Vaults:3)
  2 worldbinders
  7 black mambas
  An orange demon (Swamp:4)
  2 apocalypse crabs
  2 ice statues (IceCv)
  3 torpor snails
  An eye of devastation (Gauntlet)
  17 cane toads
  10 vault sentinels
  A gargoyle (D:13)
  4 smoke demons
  An unseen horror (shapeshifter) (Vaults:3)
  10 komodo dragons
  39 yaktaurs
  An elf skeleton (Vaults:4)
  4 ice devils (IceCv)
  3 anaconda simulacra (IceCv)
  Psyche (D:8)
  2 rime drakes (Lair:4)
  A rime drake (shapeshifter) (D:13)
  2 efreet
  3 entropy weaver simulacra (IceCv)
  5 demonic crawlers
  A queen bee (shapeshifter) (D:13)
  29 jumping spiders
  A troll (shapeshifter) (Vaults:3)
  3 ancient zymes
  7 trolls
  5 tengu conjurers
  7 meliai
  6 polar bears
  A shadow dragon simulacrum (Vaults:4)
  8 tyrant leeches
  A bloated husk (Swamp:1)
  24 slime creatures
  23 blink frogs
  11 hornets
  11 raiju
  A hornet (shapeshifter) (D:13)
  22 dream sheep
  A stone giant simulacrum (Vaults:1)
  A centaur simulacrum (D:13)
  80 redbacks
  6 wyverns
  2 dire elephant simulacra (IceCv)
  A shadow (Abyss:2)
  21 tarantellas
  7 wraiths
  A vampire (D:13)
  A yak (shapeshifter) (D:14)
  2 ynoxinuls (Abyss:2)
  6 basilisks
  68 yaks
  2 golden eyes
  A hog (D:15)
  2 neqoxecs
  2 chaos spawn
  9 vampire mosquitoes
  2 steam dragons
  2 harpy simulacra (IceCv)
  A human simulacrum (Vaults:3)
  16 swamp worms
  An ogre zombie (Vaults:4)
  10 wargs
  An acid dragon (D:9)
  4 large abominations
  15 water moccasins
  36 orc warriors
  An ice beast (D:8)
  3 sky beasts (D:5)
  A meliai simulacrum (Gauntlet)
  5 ogres
  6 boggarts
  4 necrophages
  34 wolves
  18 centaurs
  2 phantoms
  5 small abominations
  A kobold brigand (D:9)
  2 human zombies
  2 scorpions (D:5)
  An earth elemental (Abyss:2)
  2 two-headed ogre simulacra (Orc:2)
  A water moccasin zombie (D:5)
  17 bullfrogs
  A cane toad simulacrum (IceCv)
  2 gnoll sergeants (D:6)
  A wyvern skeleton (D:5)
  2 elephant simulacra
  9 killer bees
  9 wights
  8 electric eels
  11 howler monkeys
  A centaur zombie (D:7)
  4 jellies
  2 centaur skeletons
  19 orc priests
  Ijyb (D:4)
  A gnoll shaman (D:7)
  A bullfrog skeleton (D:5)
  2 iguanas
  Natasha (thrice) (D:4)
  Terence (D:3)
  A scorpion zombie (D:4)
  12 orc wizards
  2 spriggan simulacra
  3 troll simulacra
  A polar bear simulacrum (Orc:2)
  2 hound zombies
  A hound skeleton (D:5)
  8 mummies (Ossuary)
  A howler monkey zombie (D:9)
  13 gnolls
  4 adders
  A naga simulacrum (Orc:2)
  3 white imps
  5 ufetubi
  An adder zombie (D:4)
  6 worms
  14 dart slugs
  53 orcs
  4 ball pythons
  8 endoplasms
  7 giant cockroaches
  A gnoll zombie (Ossuary)
  3 hobgoblins
  17 jackals
  6 quokkas
  9 bats
  9 frilled lizards
  7 goblins
  2 hobgoblin zombies (Ossuary)
  4 kobolds
  5 kobold zombies (Ossuary)
  4 rats
  A starspawn tentacle (Abyss:5)
1428 creatures vanquished.

Vanquished Creatures (collateral kills)
  Jorgrun (D:12)
  A raiju (Abyss:2)
  A vampire mosquito (D:12)
3 creatures vanquished.

Vanquished Creatures (others)
  An ancient lich (Vaults:2)
  2 ironbound preservers
  3 elephants (Gauntlet)
  A komodo dragon (Lair:5)
  A yaktaur (Vaults:1)
  A tyrant leech (Gauntlet)
  A jumping spider (Spider:1)
  A hornet (Swamp:4)
  A bloated husk (Swamp:4)
  A blink frog (Lair:5)
  A human (D:15)
  2 swamp worms (Gauntlet)
  2 bushes
  35 fungi
  A lurking horror (Abyss:4)
  95 plants
  15 starspawn tentacles
  13 withered plants (D:14)
177 creatures vanquished.

Grand Total: 1608 creatures vanquished

Table legend:
 A = Non-vault XP
 B = Vault XP
 C = Vault XP percentage of total XP
 D = Non-vault monster count
 E = Vault monster count
 F = Vault count percentage of total count
                 A         B        C        D         E       F
            +---------+---------+-------+---------+---------+-------
      Total |  365956 |  281976 |  43.5 |    1010 |     594 |  37.0
            +---------+---------+-------+---------+---------+-------
        D:1 |      32 |       2 |   5.9 |      16 |       1 |   5.9
        D:2 |      48 |      17 |  26.2 |      16 |       2 |  11.1
        D:3 |      66 |      43 |  39.4 |      17 |       5 |  22.7
        D:4 |     201 |     499 |  71.3 |      19 |       8 |  29.6
        D:5 |    1486 |     126 |   7.8 |      24 |       2 |   7.7
        D:6 |    1475 |       0 |   0.0 |      26 |       0 |   0.0
        D:7 |    1325 |      36 |   2.6 |      24 |       9 |  27.3
        D:8 |    1166 |    1181 |  50.3 |      18 |       2 |  10.0
        D:9 |    1940 |     677 |  25.9 |      19 |       4 |  17.4
       D:10 |    1730 |    2939 |  62.9 |      10 |       8 |  44.4
       D:11 |    4136 |    1518 |  26.8 |      10 |       4 |  28.6
       D:12 |    2751 |    5594 |  67.0 |      11 |       4 |  26.7
       D:13 |    8887 |    4833 |  35.2 |      21 |      10 |  32.3
       D:14 |    9904 |    1654 |  14.3 |      18 |       2 |  10.0
       D:15 |   11402 |    4302 |  27.4 |      25 |       5 |  16.7
     Lair:1 |    4051 |    3305 |  44.9 |      13 |      22 |  62.9
     Lair:2 |    3323 |    2443 |  42.4 |      17 |       2 |  10.5
     Lair:3 |    5315 |    4964 |  48.3 |      18 |      16 |  47.1
     Lair:4 |    9207 |    5967 |  39.3 |      42 |      15 |  26.3
     Lair:5 |   13786 |    1041 |   7.0 |      47 |       1 |   2.1
     Lair:6 |   19345 |   10914 |  36.1 |      60 |      23 |  27.7
    Swamp:1 |   16959 |       0 |   0.0 |      32 |       0 |   0.0
    Swamp:2 |    3340 |       0 |   0.0 |       7 |       0 |   0.0
    Swamp:3 |    5907 |    1180 |  16.7 |      12 |       1 |   7.7
    Swamp:4 |   18418 |   22611 |  55.1 |      29 |      32 |  52.5
   Spider:1 |    7449 |    1451 |  16.3 |      27 |       2 |   6.9
   Spider:2 |   15691 |       0 |   0.0 |      47 |       0 |   0.0
   Spider:3 |   15695 |       0 |   0.0 |      38 |       0 |   0.0
   Spider:4 |   15884 |   20468 |  56.3 |      46 |      49 |  51.6
      Orc:1 |    2716 |     959 |  26.1 |      28 |       1 |   3.4
      Orc:2 |     906 |   15464 |  94.5 |      12 |      90 |  88.2
   Vaults:1 |   21205 |   24124 |  53.2 |      32 |      44 |  57.9
   Vaults:2 |   18222 |   32973 |  64.4 |      28 |      27 |  49.1
   Vaults:3 |   28756 |   54825 |  65.6 |      47 |      76 |  61.8
   Vaults:4 |   30909 |   21147 |  40.6 |      49 |      24 |  32.9
   Vaults:5 |       0 |   18635 | 100.0 |       0 |      21 | 100.0
   Depths:1 |   24300 |    4654 |  16.1 |      28 |       4 |  12.5
    Abyss:2 |   23935 |       0 |   0.0 |      50 |       0 |   0.0
    Abyss:3 |    1848 |      70 |   3.6 |       4 |       1 |  20.0
    Abyss:4 |    2534 |       0 |   0.0 |       4 |       0 |   0.0
    Abyss:5 |    9706 |       0 |   0.0 |      19 |       0 |   0.0
      Sewer |       0 |      61 | 100.0 |       0 |      26 | 100.0
    Ossuary |       0 |     153 | 100.0 |       0 |      16 | 100.0
      IceCv |       0 |    7220 | 100.0 |       0 |      25 | 100.0
   Gauntlet |       0 |    3926 | 100.0 |       0 |      10 | 100.0
            +---------+---------+-------+---------+---------+-------

Illustrated notes

Table legend:
 A = Kills in this place as a percentage of kills in entire the game.
 B = Kills by you in this place as a percentage of kills by you in the entire game.
 C = Kills by friends in this place as a percentage of kills by friends in the entire game.
 D = Other kills in this place as a percentage of other kills in the entire game.
 E = Experience gained in this place as a percentage of experience gained in the entire game.
 F = Experience gained in this place divided by the number of levels of this place that you have seen.
                   A       B       C       D       E      F
               +-------+-------+-------+-------+-------+----------------------
         Total | 100.0 | 100.0 | 100.0 | 100.0 | 100.0 | 13223.1
       Dungeon |  21.2 |  22.6 |  66.7 |   8.6 |  10.8 | 4664.7
          Lair |  17.2 |  18.2 |   0.0 |   9.2 |  12.9 | 13943.5
         Swamp |   7.0 |   6.7 |   0.0 |   9.8 |  10.6 | 17103.8
   Spider Nest |  13.0 |  13.0 |   0.0 |  13.8 |  11.8 | 19159.5
  Orcish Mines |   8.2 |   8.0 |   0.0 |   9.8 |   3.1 | 10022.5
        Vaults |  21.7 |  19.8 |   0.0 |  37.4 |  38.7 | 50159.2
        Depths |   2.0 |   1.8 |   0.0 |   4.0 |   4.5 | 28954.0
         Abyss |   4.9 |   4.8 |  33.3 |   5.2 |   5.9 | 4761.6
         Sewer |   1.6 |   1.8 |   0.0 |   0.0 |   0.0 |  61.0
       Ossuary |   1.0 |   1.1 |   0.0 |   0.0 |   0.0 | 153.0
      Ice Cave |   1.6 |   1.6 |   0.0 |   1.1 |   1.1 | 7220.0
      Gauntlet |   0.6 |   0.6 |   0.0 |   1.1 |   0.6 | 3926.0
               +-------+-------+-------+-------+-------+----------------------

Table legend: (Time is in decaauts)
 A = Elapsed time spent in this place.
 B = Non-inter-level travel time spent in this place.
 C = Inter-level travel time spent in this place.
 D = Time resting spent in this place.
 E = Time spent auto-exploring this place.
 F = Levels seen in this place.
 G = Mean time per level.
                   A        B        C        D        E       F      G
               +--------+--------+--------+--------+--------+-----+--------+
         Total |  50839 |  48071 |   2768 |   2199 |  34029 |  49 | 1037.5 |
       Dungeon |  20000 |  18581 |   1419 |    960 |  14012 |  15 | 1333.3 |
          Lair |   7889 |   7286 |    603 |    233 |   4945 |   6 | 1314.8 |
         Swamp |   3511 |   3332 |    179 |    159 |   2345 |   4 |  877.8 |
   Spider Nest |   3638 |   3389 |    249 |     91 |   2425 |   4 |  909.5 |
  Orcish Mines |   1747 |   1654 |     93 |      0 |   1147 |   2 |  873.5 |
        Vaults |   7481 |   7258 |    223 |    236 |   5474 |   5 | 1496.2 |
        Depths |   1325 |   1325 |      0 |      0 |   1045 |   1 | 1325.0 |
         Abyss |   2410 |   2410 |      0 |    344 |   1236 |   8 |  301.2 |
         Sewer |   1168 |   1168 |      0 |      0 |    770 |   1 | 1168.0 |
       Ossuary |    252 |    252 |      0 |      0 |    155 |   1 |  252.0 |
      Ice Cave |    339 |    339 |      0 |     28 |    150 |   1 |  339.0 |
      Gauntlet |   1075 |   1075 |      0 |    146 |    324 |   1 | 1075.0 |
               +--------+--------+--------+--------+--------+-----+--------+

Top non-repeatable levels by time:
Vaults:3: 2291 daAuts
Vaults:2: 2096 daAuts
     D:2: 2084 daAuts
  Lair:4: 1923 daAuts
Vaults:4: 1747 daAuts
     D:9: 1745 daAuts
    D:11: 1507 daAuts
     D:4: 1489 daAuts
     D:3: 1452 daAuts
     D:6: 1428 daAuts
 Swamp:4: 1365 daAuts
  Lair:5: 1360 daAuts
Vaults:1: 1337 daAuts
Depths:1: 1325 daAuts
    D:12: 1319 daAuts
